Map: 2000 Atmospheres LE

Players

Astrea - Winner!

  • Race: Protoss Protoss

Dolan

  • Race: Terran Terran

Event: DreamHack SC2 Masters 2021 Winter

VOD

Have the link to the VOD?

Description

Time

  • Played on: Oct. 8, 2021, 4:48 p.m.
  • Length: 10:28

All games in this series

Show
View Real Time Build Order
Export as new Build Order

Astrea Protoss - Winner!

Build Orders: Phoenix Opening 

Get SALT Encoding   

  12  0:00  Probe  
  13  0:12  Probe  
  14  0:17  Pylon  
  14  0:24  Probe (Chrono Boost)  
  15  0:36  Gateway, Probe (Chrono Boost)  
  16  0:43  Probe (Chrono Boost)  
  16  0:45  Assimilator  
  17  0:51  Probe  
  17  0:53  Assimilator  
  18  1:03  Probe (Chrono Boost)  
  20  1:12  Probe (Chrono Boost)  
  20  1:19  Probe, Pylon  
  20  1:23  Cybernetics Core  
  23  1:35  Probe  
  23  1:37  Zealot  
  24  1:47  Probe  
  25  1:59  Probe  
  25  2:00  Warp Gate  
  26  2:04  Adept (Chrono Boost)  
  27  2:18  Nexus  
  27  2:20  Pylon  
  27  2:22  Probe  
  28  2:26  Sentry (Chrono Boost)  
  30  2:34  Probe  
  31  2:38  Stargate  
  31  2:46  Probe  
  31  2:50  Stalker  
  34  2:58  Probe  
  35  3:10  Probe  
  36  3:21  Phoenix (Chrono Boost)  
  36  3:24  Probe (Chrono Boost)  
  39  3:28  Robotics Facility  
  39  3:30  Probe (Chrono Boost)  
  40  3:39  Probe x2 (Chrono Boost)  
  40  3:40  Shield Battery  
  42  3:42  Phoenix  
  42  3:44  Probe (Chrono Boost)  
  42  3:46  Probe  
  46  3:53  Assimilator  
  46  3:55  Assimilator  
  46  3:56  Probe  
  46  3:58  Probe  
  46  4:02  Pylon  
  48  4:08  Probe  
  49  4:11  Phoenix, Probe  
  49  4:16  Observer (Chrono Boost)  
  53  4:21  Probe  
  53  4:22  Pylon  
  53  4:23  Probe  
  55  4:33  Probe  
  55  4:35  Probe  
  55  4:36  Phoenix  
  59  4:45  Probe  
  61  4:46  Observer  
  61  4:47  Probe  
  61  4:50  Gateway  
  61  4:51  Gateway  
  62  4:57  Probe  
  63  5:01  Robotics Bay  
  63  5:03  Pylon  
  63  5:04  Probe  
  64  5:07  Phoenix  
  64  5:12  Nexus  
  68  5:26  Adept, Immortal (Chrono Boost)  
  68  5:30  Pylon  
  68  5:32  Shield Battery  
  72  5:46  Adept x3  
  76  6:04  Disruptor (Chrono Boost)  
  76  6:07  Adept x3  
  81  6:13  Probe  
  81  6:15  Probe  
  79  6:25  Probe  
  79  6:26  Probe  
  79  6:29  Adept x3  
  79  6:32  Probe  
  87  6:37  Probe  
  86  6:41  Probe  
  78  6:47  Probe (Chrono Boost)  
  78  6:49  Observer  
  78  6:50  Probe (Chrono Boost)  
  78  6:53  Phoenix, Probe (Chrono Boost)  
  77  6:58  Colossus (Chrono Boost), Pylon  
  77  6:59  Extended Thermal Lance  
  85  7:03  Probe x2 (Chrono Boost), Forge  
  85  7:04  Twilight Council, Probe (Chrono Boost)  
  85  7:08  Probe x2 (Chrono Boost)  
  86  7:09  Probe (Chrono Boost)  
  89  7:16  Pylon  
  89  7:17  Probe x2  
  89  7:18  Phoenix, Pylon  
  89  7:20  Probe  
  94  7:29  Probe  
  93  7:34  Probe  
  93  7:36  Observer  
  94  7:38  Probe  
  94  7:42  Charge  
  94  7:43  Phoenix  
  97  7:44  Colossus (Chrono Boost)  
  97  7:46  Probe  
  97  7:47  Nexus  
  97  7:48  Probe  
  97  7:51  Gateway  
  105  7:53  Gateway  
  105  7:54  Protoss Ground Weapons Level 1  
  105  7:55  Gateway, Probe  
  106  8:03  Zealot x2, Sentry  
  106  8:05  Probe x2  
  114  8:14  Gateway  
  114  8:15  Gateway, Observer  
  114  8:18  Phoenix  
  116  8:20  Pylon  
  116  8:35  Colossus (Chrono Boost)  
  116  8:36  Pylon  
  116  8:38  Pylon  
  122  8:44  Gateway x2  
  122  8:45  Pylon  
  122  8:47  Pylon  
  122  8:50  Zealot  
  124  8:56  Zealot x5  
  134  9:10  Zealot x2  
  134  9:16  Pylon  
  138  9:17  Zealot  
  138  9:18  Zealot x3, Colossus (Chrono Boost)  
  138  9:19  Shield Battery  
  138  9:21  Shield Battery  
  152  9:34  Zealot x4  
  160  9:40  Zealot x6  
  160  9:43  Pylon  
  160  9:45  Pylon  
  172  9:55  Zealot x2  
  172  9:59  Nexus  
  176  10:05  Zealot x2  
  176  10:06  Zealot x2  
Show
View Real Time Build Order
Export as new Build Order

Dolan Terran 

Build Orders: Reaper Expand, Banshee Rush 

Get SALT Encoding   

  12  0:00  SCV  
  13  0:12  SCV  
  14  0:17  Supply Depot  
  14  0:24  SCV  
  15  0:38  SCV  
  15  0:40  Barracks  
  15  0:42  Refinery  
  16  0:50  SCV  
  17  1:02  SCV  
  18  1:14  SCV  
  19  1:27  Reaper, Orbital Command  
  20  1:39  Command Center  
  20  1:48  Supply Depot  
  20  1:58  SCV  
  20  2:00  Refinery  
  21  2:04  Factory  
  21  2:10  SCV  
  21  2:11  Bunker  
  22  2:17  Marine  
  23  2:31  SCV  
  23  2:35  Marine  
  25  2:49  Factory Tech Lab  
  25  2:51  Command Center  
  25  2:55  Barracks Reactor  
  25  3:02  Bunker  
  24  3:07  SCV  
  24  3:09  Cyclone  
  24  3:12  Starport  
  28  3:19  SCV  
  29  3:28  Supply Depot  
  29  3:31  Marine x2  
  31  3:49  SCV  
  31  3:52  Factory Tech Lab, Marine x2  
  34  3:56  Cloaking Field, Banshee  
  34  4:01  SCV  
  38  4:12  Marine x2  
  38  4:14  SCV, Siege Tank  
  44  4:26  SCV  
  44  4:29  Marine x2  
  47  4:39  Viking  
  47  4:44  Orbital Command  
  50  4:47  Supply Depot  
  50  4:48  Marine x2  
  50  4:52  Siege Tank  
  54  5:08  Supply Depot  
  54  5:09  SCV, Viking, Marine x2  
  54  5:13  SCV  
  60  5:17  Supply Depot  
  60  5:21  SCV  
  61  5:27  Marine  
  62  5:29  Siege Tank, Marine  
  62  5:31  Supply Depot, SCV  
  62  5:33  SCV  
  68  5:40  Viking  
  70  5:44  SCV  
  70  5:45  SCV, Marine  
  70  5:47  Marine  
  74  5:54  Barracks  
  72  6:14  Marine x2  
  72  6:15  SCV, Siege Tank, Viking  
  72  6:16  SCV  
  79  6:19  Bunker  
  75  6:29  Bunker  
  75  6:32  Marine x2  
  76  6:33  SCV x2  
  54  6:50  Siege Tank, Marine x2  
  54  6:51  Barracks Tech Lab  
  54  6:52  SCV x2  
  53  6:57  Barracks  
  53  7:04  SCV x2  
  53  7:05  Refinery, Engineering Bay  
  55  7:12  Marine x3  
  55  7:15  Stimpack  
  58  7:18  Starport Reactor  
  58  7:22  SCV x2  
  57  7:34  SCV x2  
  56  7:44  Siege Tank  
  56  7:45  Marine x3  
  56  7:47  SCV x2  
  63  7:51  Missile Turret  
  63  7:53  Barracks  
  63  7:54  Barracks  
  63  7:59  SCV  
  63  8:00  SCV, Terran Infantry Weapons Level 1  
  63  8:04  Missile Turret  
  65  8:08  Marine x3  
  65  8:12  SCV x2  
  70  8:24  SCV x2  
  70  8:26  Marine x4  
  75  8:31  Medivac x2  
  76  8:37  SCV x2  
  78  8:41  Marine x2  
  78  8:42  Combat Shield  
  78  8:43  Marine  
  78  8:44  Marine x3  
  78  8:48  Supply Depot  
  84  8:49  SCV x2  
  84  8:51  Supply Depot  
  86  8:59  Marine x2  
  86  9:01  Marine x2  
  86  9:02  Marine x2  
  91  9:09  Siege Tank  
  91  9:14  SCV x2  
  93  9:17  Marine x2  
  93  9:19  Marine x4  
  93  9:20  Medivac  
  99  9:35  Marine x2  
  99  9:37  Marine x4  
  101  9:56  Marine x4  

Tags
 
Add a new tag
Caveats
  • Supply blocks, unpowered buildings, or Contaminate may cause inaccurate times.
  • Supply counts are checked every 10 seconds.